 Dungeon Crawl Stone Soup version 0.24.1-11-gbbbb2193e6 (webtiles) character file.

Game seed: 2107982823155102815, levelgen mode: deterministic

141 Peloso the Skirmisher (level 5, -11/41 HPs)
             Began as a Demonspawn Fighter on May 14, 2020.
             Mangled by an ogre
             ... wielding a +0 giant club
              (15 damage)
             ... on level 4 of the Dungeon.
             The game lasted 00:04:23 (2309 turns).

Peloso the Skirmisher (Demonspawn Fighter)          Turns: 2309, Time: 00:04:24

Health: -11/41     AC:  8    Str: 17    XL:     5   Next: 3%
Magic:  5/5        EV:  5    Int:  9    God:
Gold:   193        SH:  8    Dex: 13    Spells: 4/4 levels left

rFire    . . .     SeeInvis .   a - +0 long sword
rCold    . . .     Gourm    .   c - +0 shield
rNeg     . . .     Faith    .   l - +0 chain mail
rPois    .         Spirit   .   (no helmet)
rElec    .         Reflect  .   (no cloak)
rCorr    .         Harm     .   (no gloves)
MR       .....                  (no boots)
Stlth    ..........             (no amulet)
HPRegen  0.13/turn              n - +4 ring of slaying
MPRegen  0.09/turn              (no ring)

@: heavily drained
A: claws 1, sturdy frame 1
a: no special abilities


You were on level 4 of the Dungeon.
You were very hungry.

You visited 1 branch of the dungeon, and saw 4 of its levels.

You collected 193 gold pieces.

Inventory:

Hand Weapons
 a - a +0 long sword (weapon)
Armour
 b - a +0 scale mail
 c - a +0 shield (worn)
 l - a +0 chain mail (worn)
Jewellery
 n - a +4 ring of slaying (left claw)
Scrolls
 g - 2 scrolls of fog {unknown}
 h - 3 scrolls of identify {unknown}
 i - 3 scrolls of teleportation {unknown}
 k - 2 scrolls of amnesia {unknown}
 m - a scroll of blinking {unknown}
 p - 2 scrolls of remove curse {unknown}
 r - 3 scrolls of immolation {unknown}
Potions
 d - a potion of might
 e - 2 potions of curing {unknown}
 o - a potion of agility {unknown}
 q - 3 potions of resistance {unknown}
 s - a potion of heal wounds {unknown}
Comestibles
 f - 5 rations


   Skills:
 + Level 3.5(1.8) Fighting
 + Level 3.2(1.5) Long Blades
 + Level 3.3(1.6) Armour
 + Level 0.8(0.0) Dodging
 + Level 0.1(0.0) Stealth
 + Level 3.2(1.6) Shields


You had 4 spell levels left.
You didn't know any spells.
Your spell library was empty.

Dungeon Overview and Level Annotations

Branches:
Dungeon (4/15)
 Temple: D:4-7

Altars:
Makhleb
Trog
Xom


Innate Abilities, Weirdness & Mutations

You have sharp fingernails.
Your movements are slightly less encumbered by armour. (ER -2)


Message History

The ogre shouts!
Found a ration.
There is a stone staircase leading up here.
You block the ogre's attack.
You hit the ogre.
The ogre is lightly wounded.
The ogre hits you with a +0 giant club!!
Ouch! That really hurt!
You hit the ogre.
The ogre is moderately wounded.
The ogre hits you with a +0 giant club.
You slash the ogre!
The ogre is heavily wounded.
The ogre hits you with a +0 giant club!
* * * LOW HITPOINT WARNING * * *
You are feeling very hungry.
You hit the ogre.
The ogre is severely wounded.
The ogre hits you with a +0 giant club!
You die...

# .#
##.########.####
#......%.......#
#.....O@.<.....#
#..............#
+..............#
################


You could see an ogre.

Vanquished Creatures
  Robin (D:3)
  5 adders
  A dart slug (D:1)
  A leopard gecko (D:1)
  An orc (D:3)
  3 ball pythons
  6 giant cockroaches
  15 goblins
  10 hobgoblins
  8 jackals
  8 kobolds
  A quokka (D:2)
  4 bats
  2 frilled lizards (D:1)
  9 rats
75 creatures vanquished.

Notes
Turn   | Place    | Note
-------+----------+-------------------------------------------
     0 | D:1      | Peloso the Demonspawn Fighter began the quest for the Orb.
     0 | D:1      | Reached XP level 1. HP: 18/18 MP: 1/1
   106 | D:1      | Gained mutation: Your movements are slightly less
                  | encumbered by armour. (ER -2) [demonic ancestry]
   106 | D:1      | Reached XP level 2. HP: 7/24 MP: 2/2
   505 | D:1      | Reached XP level 3. HP: 29/29 MP: 3/3
  1547 | D:2      | Found a burning altar of Makhleb.
  1665 | D:3      | Gained mutation: You have sharp fingernails. [demonic
                  | ancestry]
  1665 | D:3      | Reached XP level 4. HP: 26/35 MP: 4/4
  1833 | D:3      | Found a faded altar of an unknown god.
  1967 | D:3      | Found a shimmering altar of Xom.
  1996 | D:3      | Noticed Robin
  2029 | D:3      | Killed Robin
  2029 | D:3      | Reached XP level 5. HP: 23/41 MP: 5/5
  2055 | D:3      | Found a bloodstained altar of Trog.
  2301 | D:4      | Noticed an ogre
  2309 | D:4      | Mangled by an ogre

Levels and vault maps discovered:
D:1:      minmay_arrival_stair_chambers, layout_rooms, minmay_tall_x
D:2:      layout_basic, lemuel_coloured_pillars_altar
D:3:      layout_rooms, lemuel_round_altar,
          chequers_ecumenical_altar_simple_redux, st_stairs_11, trog_book,
          uniq_robin
D:4:      layout_gridville, nemelex_xobeh_ov_fountains_minmay, first_ration

Skill      XL: |  1  2  3  4 |
---------------+-------------+-----
Armour         | 3 |  3.3
Long Blades    | 2 3 |  3.2
Shields        | 3 |  3.2
Fighting       | |  3.5
Dodging        | |  0.8
Stealth        | |  0.1

Action                   |  1- 3 |  4- 6 || total
-------------------------+-------+-------++-------
Melee: Long sword        |   131 |    83 ||   214
  Use: Potion            |     2 |       ||     2
  Eat: Chunk             |     3 |     1 ||     4
Armor: Scale mail        |    65 |    35 ||   100
Dodge: Dodged            |    61 |    39 ||   100
Block: Shield            |    96 |    42 ||   138
       Rpst.: Long sword |    27 |    13 ||    40
